 Dungeon Crawl Stone Soup version 0.30-a0-457-g4b7bca3bfa (webtiles) character file.

Game seed: 17563879091421175536

253 kae the Ruffian (level 5, -10/40 HPs)
             Began as a Draconian Transmuter on Dec 12, 2022.
             Mangled by an ice beast (12 damage)
             ... on level 3 of the Dungeon.
             The game lasted 00:02:47 (1898 turns).

kae the Ruffian (Draconian Transmuter)              Turns: 1898, Time: 00:02:48

Health: -10/40     AC:  2    Str: 12    XL:     5   Next: 90%
Magic:  3/10       EV: 19    Int: 16    God:
Gold:   80         SH:  0    Dex: 16    Spells: 0/10 levels left

rFire   . . .      SeeInvis .      - Unarmed
rCold   . . .      Faith    .    (shield currently unavailable)
rNeg    . . .      Spirit   .    (body armour unavailable)
rPois   x          Reflect  .    (helmet currently unavailable)
rElec   .          Harm     .    (cloak currently unavailable)
rCorr   .          Rampage  .    (gloves currently unavailable)
Will    .....                    (boots currently unavailable)
Stlth   +.........               (no amulet)
HPRegen 0.26/turn                (no ring)
MPRegen 0.12/turn                (no ring)

@: spider-form, very slightly contaminated
A: venomous fangs, AC +5, tiny, unfitting armour, (cold-blooded)
a: End Transformation


You were on level 3 of the Dungeon.
You were a venomous arachnid creature.
You visited 1 branch of the dungeon, and saw 3 of its levels.

You collected 80 gold pieces.


Innate Abilities, Weirdness & Mutations

You are a venomous arachnid creature.
You have poisonous fangs.
You are tiny and dextrous.
Your spellcasting is less reliable in this form.
Your armour is entirely melded.
You are incapable of wielding weapons or throwing items.
((Your plain brown scales are hard. (AC +5)))
You cannot fit into any form of body armour.
((You are cold-blooded and may be slowed by cold attacks.))


   Skills:
 - Level 1.1 Fighting
 - Level 1.7 Dodging
 + Level 4.2 Unarmed Combat
 + Level 3.4 Spellcasting
 + Level 3.5 Transmutations
 * Level 0.0 Ice Magic
 - Level 2.2 Poison Magic


You couldn't memorise any spells.
You knew the following spells:

 Your Spells              Type           Power      Damage    Failure   Level
a - Beastly Appendage     Tmut           28%        N/A       13%         1
b - Wereblood             Tmut           14%        N/A       17%         2
c - Spider Form           Tmut/Pois      12%        N/A       34%         3
d - Ice Form              Ice/Tmut       8%         N/A       83%         4

Your spell library contained the following spells:

 Spells                   Type           Power      Damage    Failure   Level
 Ignite Poison            Fire/Tmut/Pois 8%         N/A       45%         3
 Dazzling Flash           Conj/Hex       4%         N/A       69%         3
 Kindle Blastsparks       Fire/Tloc/Air  4%         2d10      69%         3
 Agony                    Necr           2%         N/A       100%        5
 Freezing Cloud           Conj/Ice/Air   1%         6-21      100%        5
 Silence                  Hex/Air        1%         N/A       100%        5

Inventory:

Hand Weapons
 e - a +3 dagger of venom (melded)
   (You took it off a kobold on level 1 of the Dungeon)
Missiles
 b - 45 stones
 c - 7 poisoned darts
 g - 3 boomerangs
Magical Staves
 h - a staff of fire {!a}
   (You found it on level 2 of the Dungeon)
Jewellery
 E - a +4 ring of evasion
   (You found it on level 3 of the Dungeon)
 S - a +6 ring of strength
   (You found it on level 2 of the Dungeon)
Scrolls
 i - a scroll of noise {unknown}
 l - a scroll of magic mapping {unknown}
Potions
 a - a potion of lignification {!q}
 d - a potion of heal wounds {unknown}
 f - a potion of mutation {unknown}
 j - 3 potions of curing {unknown}
 k - a potion of attraction {unknown}
 m - a potion of brilliance {unknown}
 n - a potion of haste {unknown}

Dungeon Overview and Level Annotations

Branches:
Dungeon (3/15) Zot: 16103

Altars:

Shops:
D:1 [ D:2

: # ### #.# ..# ....
#.# ..... #.#
......########.# #
........Ys...#.# #
......#.##..##.# #
....... #.#....#.# #
...... #.#....#.######
# ..... #.#....#.#....#
# #.## #.#..###.#.##.#
# #.# #.#......#.##.# #
#.#######.#.#.......#.#
#
#.#.......#.#.#######.#


You could see an ice beast (very poisoned).


Message History

Confirm with . or Enter, or press ? or * to list all spells.
You turn into a venomous arachnid creature.
Your +3 dagger of venom melds into your body.
Your +3 dagger of venom stops dripping with poison.
The frilled lizard hisses angrily. 😎 MP[-3]
You lost 3 mp, and now have 7/10 mp.
You closely miss the frilled lizard. The frilled lizard misses you.
You hit the frilled lizard but do no damage.
The frilled lizard is poisoned.
You kill the frilled lizard!
No target in view!
No target in view!
No target in view!
No target in view!
No target in view!
This spell is astonishingly dangerous to cast!
Memorise Ice Form, consuming 4 spell levels and leaving 0?
You start memorising the spell.
You continue memorising. x4
You finish memorising.
Spell assigned to 'd'. 😎 MP[+1]
Your transformation is almost over.
Your transformation has ended.
Your +3 dagger of venom unmelds from your body.
Your +3 dagger of venom begins to drip with poison! 😎 MP[+1]
E - a +4 ring of evasion 😎 MP[+1]
Your mp is fully restored (10).
Unknown command.
j - 3 grey potions (gained 1)
An endoplasm comes into view.
The endoplasm quivers.
The endoplasm moves out of view.
An endoplasm is nearby!
An endoplasm is nearby!
Casting: Spider Form (dangerous; 16% risk of failure)
Confirm with . or Enter, or press ? or * to list all spells.
You turn into a venomous arachnid creature.
Your +3 dagger of venom melds into your body.
Your +3 dagger of venom stops dripping with poison.
The endoplasm freezes you.
You are frozen.
The endoplasm misses you. 😕 HP[-5] MP[-3]
You take 5 damage, and now have 35/40 hp.
You lost 3 mp, and now have 7/10 mp.
You hit the endoplasm. The endoplasm freezes you.
You are frozen.
You hit the endoplasm but do no damage. The endoplasm freezes you.
You are frozen. 😕 HP[-3]
You take 3 damage, and now have 32/40 hp.
An endoplasm is nearby!
You hit the endoplasm.
You kill the endoplasm!
No target in view!
An ice beast comes into view.
Your transformation is almost over. 😕 HP[+2] MP[+1]
You regained 2 hp, and now have 34/40 hp. 😕 HP[+1]
Okay, then.
Your transformation has ended.
Your +3 dagger of venom unmelds from your body.
Your +3 dagger of venom begins to drip with poison! 😕 MP[+1]
Casting: Spider Form (dangerous; 16% risk of failure)
Confirm with . or Enter, or press ? or * to list all spells.
You miscast Spider Form.
You are very lightly contaminated with residual magic.
Nothing appears to happen. 😕 MP[-3]
You lost 3 mp, and now have 6/10 mp.
Casting: Spider Form (dangerous; 16% risk of failure)
Confirm with . or Enter, or press ? or * to list all spells.
You turn into a venomous arachnid creature.
Your +3 dagger of venom melds into your body.
Your +3 dagger of venom stops dripping with poison.
The ice beast hits you.
The ice beast freezes you! 😮 HP[-14] MP[-3]
You take 14 damage, and now have 21/40 hp.
MASSIVE DAMAGE!! (PAUSE)
You lost 3 mp, and now have 3/10 mp.
You hit the ice beast.
The ice beast hits you but does no damage.
You hit the ice beast.
The ice beast is poisoned.
You hit the ice beast. The ice beast hits you.
* * * LOW HITPOINT WARNING * * *
The ice beast freezes you!
* * * LOW HITPOINT WARNING * * *
😱 HP[-18]
You take 18 damage, and now have 3/40 hp.
MASSIVE DAMAGE!! (PAUSE)
You hit the ice beast. The ice beast hits you.
* * * LOW HITPOINT WARNING * * *
The ice beast freezes you!
You die...

Skill      XL: |  1  2  3  4 |
---------------+-------------+-----
Poison Magic   | 2 |  2.2
Unarmed Combat | 4 |  4.2
Spellcasting   | 3 |  3.4
Transmutations | 3 |  3.5
Fighting       | |  1.1
Dodging        | |  1.7

Action                   |  1- 3 |  4- 6 || total
-------------------------+-------+-------++-------
Melee: Unarmed           |    30 |    20 ||    50
       Kick              |    11 |     6 ||    17
       Headbutt          |     9 |     3 ||    12
       Dagger            |    39 |    14 ||    53
       Tailslap          |     5 |     2 ||     7
 Cast: Beastly Appendage |    18 |     6 ||    24
       Spider Form       |       |     6 ||     6
 Abil: End Transformatio |       |     1 ||     1
 Stab: Sleeping          |     1 |     1 ||     2
Armor: Skin              |    20 |     5 ||    25
Dodge: Dodged            |    49 |    11 ||    60

Levels and vault maps discovered:
D:1:      dpeg_arrival_water_fire, layout_loops_ring, serial_shops,
          shop_fountains
D:2:      layout_basic, serial_shops, shop, dk_noncrumbling_2,
          minmay_fractal_squares_gapless_5, uniq_sigmund
D:3:      layout_basic, overflow_temple_1_default,
          hellmonk_ecumenical_altar_arch_garden

Notes
Turn   | Place    | Note
-------+----------+-------------------------------------------
     0 | D:1      | kae the Draconian Transmuter began the quest for the Orb.
     0 | D:1      | Reached XP level 1. HP: 16/16 MP: 3/3
     0 | D:1      | magus.rc [v1.11.3]
   222 | D:1      | Found Tettudd's Antique Armour Shop.
   301 | D:1      | Reached XP level 2. HP: 19/23 MP: 3/5
   516 | D:1      | You add the spells Kindle Blastsparks, Ignite Poison and
                  | Freezing Cloud to your library.
   668 | D:1      | Reached XP level 3. HP: 27/28 MP: 4/6
   671 | D:1      | Learned a level 2 spell: Wereblood
   675 | D:1      | Learned a level 3 spell: Spider Form
  1222 | D:2      | Reached XP level 4. HP: 35/35 MP: 8/8
  1327 | D:2      | Reached skill level 1 in Poison Magic
  1344 | D:2      | Found Fobb's Book Shop.
  1419 | D:2      | Noticed Sigmund
  1428 | D:2      | Killed Sigmund
  1429 | D:2      | Reached skill level 4 in Unarmed Combat
  1429 | D:2      | Reached skill level 3 in Spellcasting
  1429 | D:2      | Reached skill level 3 in Transmutations
  1429 | D:2      | Reached skill level 2 in Poison Magic
  1429 | D:2      | Reached XP level 5. HP: 24/40 MP: 2/10
  1692 | D:3      | You pick up a book of the Senses and begin reading...
  1692 | D:3      | You add the spells Dazzling Flash, Agony and Silence to
                  | your library.
  1782 | D:3      | Learned a level 4 spell: Ice Form
  1888 | D:3      | Noticed an ice beast
  1897 | D:3      | HP: 3/40 [ice beast (14)]
  1898 | D:3      | Mangled by an ice beast

Vanquished Creatures
  Sigmund (D:2)
  3 adders (D:2)
  2 worms (D:2)
  2 dart slugs
  4 ball pythons
  3 bats
  6 endoplasms
  A giant cockroach (D:2)
  2 goblins (D:1)
  6 hobgoblins
  2 jackals (D:1)
  3 quokkas
  3 frilled lizards (D:3)
  5 kobolds
  4 rats
47 creatures vanquished.

Table legend:
 A = Non-vault XP
 B = Vault XP
 C = Vault XP percentage of total XP
 D = Non-vault monster count
 E = Vault monster count
 F = Vault count percentage of total count
                 A         B        C        D         E       F
            +---------+---------+-------+---------+---------+-------
      Total |     117 |     245 |  67.7 |      44 |       3 |   6.4
            +---------+---------+-------+---------+---------+-------
        D:1 |      43 |       0 |   0.0 |      23 |       0 |   0.0
        D:2 |      64 |     245 |  79.3 |      15 |       3 |  16.7
        D:3 |      10 |       0 |   0.0 |       6 |       0 |   0.0
            +---------+---------+-------+---------+---------+-------

Illustrated notes

Table legend:
 A = Kills in this place as a percentage of kills in entire the game.
 B = Kills by you in this place as a percentage of kills by you in the entire game.
 C = Kills by friends in this place as a percentage of kills by friends in the entire game.
 D = Other kills in this place as a percentage of other kills in the entire game.
 E = Experience gained in this place as a percentage of experience gained in the entire game.
 F = Experience gained in this place divided by the number of levels of this place that you have seen.
                   A       B       C       D       E      F
               +-------+-------+-------+-------+-------+----------------------
         Total | 100.0 | 100.0 |   N/A |   N/A | 100.0 | 120.7
       Dungeon | 100.0 | 100.0 |   N/A |   N/A | 100.0 | 120.7
               +-------+-------+-------+-------+-------+----------------------

Table legend: (Time is in decaauts)
 A = Elapsed time spent in this place.
 B = Non-inter-level travel time spent in this place.
 C = Inter-level travel time spent in this place.
 D = Time resting spent in this place.
 E = Time spent auto-exploring this place.
 F = Levels seen in this place.
 G = Mean time per level.
                   A        B        C        D        E       F      G
               +--------+--------+--------+--------+--------+-----+--------+
         Total |   1895 |   1862 |     33 |     11 |   1522 |   3 |  631.7 |
       Dungeon |   1895 |   1862 |     33 |     11 |   1522 |   3 |  631.7 |
               +--------+--------+--------+--------+--------+-----+--------+

Top non-repeatable levels by time:
     D:1: 964 daAuts
     D:2: 623 daAuts
     D:3: 307 daAuts
